 Dungeon Crawl Stone Soup version 0.28-a0-1202-g1e6f1b2279 (webtiles) character file.

Game seed: 12045213828811476814

49 iamserjio the Insei (level 3, 0/26 HPs)
             Began as an Octopode Chaos Knight on Dec 20, 2021.
             Was a Plaything of Xom.
             Succumbed to an adder's poison
             ... on level 2 of the Dungeon.
             The game lasted 00:01:11 (1368 turns).

iamserjio the Insei (Octopode Chaos Knight)         Turns: 1368, Time: 00:01:12

Health: 0/26       AC:  1    Str: 11    XL:     3   Next: 75%
Magic:  3/3        EV: 13    Int: 14    God:    Xom [.*....]
Gold:   47         SH:  0    Dex: 13    Spells: 2/2 levels left

rFire   . . .      SeeInvis .     - Unarmed
rCold   . . .      Faith    .   (no shield)
rNeg    . . .      Spirit   .   (helmet restricted)
rPois   .          Reflect  .   (no amulet)
rElec   .          Harm     .   (no ring)
rCorr   .          Rampage  .   (no ring)
Will    .....                   (no ring)
Stlth   ++........              (no ring)
HPRegen 0.08/turn               (no ring)
MPRegen 0.08/turn               (no ring)
                                (no ring)
                                (no ring)

@: lethally poisoned (0 -> -5), hasted, very quick
A: almost no armour, amphibious, 8 rings, camouflage 1, gelatinous body 1,
(nimble swimmer 1), tentacles
a: Renounce Religion


You were on level 2 of the Dungeon.
You worshipped Xom.
You were a plaything of Xom.
You visited 1 branch of the dungeon, and saw 2 of its levels.

You collected 47 gold pieces.

Inventory:

Missiles
 c - 12 poisoned darts (quivered)
Scrolls
 a - a scroll of fear {unknown}
 b - a scroll of teleportation {unknown}


   Skills:
 + Level 3.5 Fighting
 - Level 2.3 Dodging
 * Level 4.1 Unarmed Combat


You had 2 spell levels left.
You didn't know any spells.
Your spell library was empty.

Dungeon Overview and Level Annotations

Branches:
Dungeon (2/15)

Altars:

Shops:
D:2 (


Innate Abilities, Weirdness & Mutations

You cannot wear most types of armour.
You are amphibious.
You can wear up to eight rings at the same time.
Your skin changes colour to match your surroundings (Stealth+).
Your rubbery body absorbs attacks. (AC +1, EV +1)
((You are camouflaged near water. (Stealth+)))
You have tentacles for arms and can constrict up to eight enemies at once.


Message History

Your grab misses the adder.
You feel sick. The adder barely misses you. The endoplasm hits you.
You miss the adder. Your grab misses the adder.
You squeeze the adder, but do no damage.
You feel sick. The adder completely misses you.
The endoplasm barely misses you.
You tentacle-slap the adder but do no damage.
Your grab misses the adder.
You feel sick. The adder misses you. The endoplasm freezes you.
You are frozen.
The adder closely misses you.
You are too injured to fight recklessly!
You are too injured to fight recklessly!
You are too injured to fight recklessly!
You are too injured to fight recklessly!
There are monsters nearby!
There are monsters nearby!
Unknown command.
You closely miss the adder. Your grab misses the adder.
You feel sick.
You are no longer poisoned.
The endoplasm closely misses you. The adder bites you.
You are poisoned.
The adder poisons you!
You miss the adder. Your grab misses the adder.
You feel sick. The adder misses you. The endoplasm barely misses you.
You feel sick.
You barely miss the adder. You grab the adder. You squeeze the adder.
You constrict the adder.
You feel sick. The adder misses you. The adder bites you.
* * * LOW HITPOINT WARNING * * *
You are lethally poisoned!
The adder poisons you!
You barely miss the adder. You tentacle-slap the adder.
You constrict the adder.
* * * LOW HITPOINT WARNING * * *
You feel sick. The adder closely misses you.
It was a potion of haste.
You feel yourself speed up.
Xom is amused.
You constrict the adder.
You die...
Xom thinks this is hilarious!

..... ... ########## .. #
#.# #......... #.##. #.#
###..........
#..#.##.###............
#..........##.........
###..##...###.....######
.....#.).###..PP.#
#..#@..##..P∩..##
...##.JS....#...PP..#
....<...............#
..###.##...#.>......###..
... #................#
...# ####........†.####
#.## ............# #
.............#
...#..........#


You could see an adder and an endoplasm.

Vanquished Creatures
  2 dart slugs
  3 ball pythons
  6 endoplasms
  A giant cockroach (D:1)
  7 goblins
  3 hobgoblins
  4 quokkas
  3 bats (D:1)
  4 frilled lizards
  2 kobolds
  5 rats
40 creatures vanquished.

Vanquished Creatures (others)
  A plant (D:2)
1 creature vanquished.

Grand Total: 41 creatures vanquished

Notes
Turn   | Place    | Note
-------+----------+-------------------------------------------
     0 | D:1      | iamserjio the Octopode Chaos Knight began the quest for the
                  | Orb.
     0 | D:1      | Reached XP level 1. HP: 16/16 MP: 1/1
    95 | D:1      | Reached XP level 2. HP: 7/21 MP: 2/2
   573 | D:1      | XOM: confuse monster(s)
   603 | D:1      | XOM: cloud trail
   638 | D:1      | XOM: summons 3 hostile shadow creatures
   666 | D:1      | Found a faded altar of an unknown god.
   687 | D:1      | Reached XP level 3. HP: 19/26 MP: 3/3
  1083 | D:2      | Reached skill level 4 in Unarmed Combat
  1141 | D:2      | XOM: noise
  1151 | D:2      | XOM: chaos upgrade
  1165 | D:2      | XOM: 3-stop teleportation journey
  1176 | D:2      | Found Suibaf's Antique Weapon Boutique.
  1367 | D:2      | HP: 1/26 [poisoned by an adder]
  1368 | D:2      | Succumbed to an adder's poison

Illustrated notes

Levels and vault maps discovered:
D:1:      sevenhm_arrival_forest_fort_small_6, layout_basic,
          ebering_ecumenical_altar_webs
D:2:      layout_rooms, serial_shops, nicolae_shop_overgrown_old_shop, shop

Skill      XL: |  1  2  3 |
---------------+----------+-----
Unarmed Combat | 4 |  4.1
Fighting       | |  3.5
Dodging        | |  2.3

Action                   || total
-------------------------++-------
Melee: Unarmed           ||    86
       Constrict         ||    22
       Tentacles         ||    18
       Punch             ||     3
  Use: Potion            ||     1
 Stab: Sleeping          ||     6
Armor: Skin              ||     5
Dodge: Dodged            ||    54

Table legend: (Time is in decaauts)
 A = Elapsed time spent in this place.
 B = Non-inter-level travel time spent in this place.
 C = Inter-level travel time spent in this place.
 D = Time resting spent in this place.
 E = Time spent auto-exploring this place.
 F = Levels seen in this place.
 G = Mean time per level.
                   A        B        C        D        E       F      G
               +--------+--------+--------+--------+--------+-----+--------+
         Total |   1361 |   1329 |     32 |      0 |   1092 |   2 |  680.5 |
       Dungeon |   1361 |   1329 |     32 |      0 |   1092 |   2 |  680.5 |
               +--------+--------+--------+--------+--------+-----+--------+

Top non-repeatable levels by time:
     D:1: 1046 daAuts
     D:2: 315 daAuts
